[Event "Redbull chessmasters 2019"]
[Site "Istambul"]
[Date "2019.11.24"]
[Round "5.5"]
[White "Inan, Canberk"]
[Black "Kilic, Efe Mert"]
[Result "0-1"]
[ECO "E61"]
[WhiteElo "1941"]
[BlackElo "2247"]
[Annotator "NA"]
[PlyCount "80"]
[EventDate "2019.11.23"]
[EventType "k.o."]
[EventCountry "TUR"]
[SourceTitle "playchess.com"]
[Source "ChessBase"]
[SourceQuality "1"]
[TimeControl "600+5"]

1. d4 d6 2. c4 e5 3. Nc3 Nd7 4. e3 g6 5. Nf3 Bg7 6. Be2 Ngf6 7. O-O O-O 8. b3 Re8 9. Bb2 exd4 10. exd4 d5 11. cxd5 Nb6 12. Ne5 Nbxd5 13. Nxd5 Nxd5 14. Bf3 c6 15. Re1 Be6 16. Rc1 Qg5 17. Rc5 Bf8 18. Bc1 Qf6 19. Rc2 Nb4 20. Rce2 Red8 21. a3 Nd5 22. g3 Nc3 23. Qd3 Nxe2+ 24. Qxe2 Bd5 25. Bg4 Bg7 26. h4 h6 27. h5 g5 28. Be3 Re8 29. Qc2 Re7 30. b4 Rae8 31. Qc5 b6 32. Qc3 Qd6 33. Qd3 Be6 34. Bxe6 Rxe6 35. Qc4 Qd5 36. Qc2 Bxe5 37. dxe5 Rxe5 38. Rd1 Qf3 39. Qc4 Qxd1+ 40. Kg2 Qd5+ 0-1

[Event "Redbull chessmasters 2019"]
[Site "Istambul"]
[Date "2019.11.24"]
[Round "5.6"]
[White "Tarlabasi, Emirhan"]
[Black "Ozdemir, Serhan Berat"]
[Result "1-0"]
[ECO "E60"]
[WhiteElo "2316"]
[BlackElo "2096"]
[Annotator "NA"]
[PlyCount "71"]
[EventDate "2019.11.23"]
[EventType "k.o."]
[EventCountry "TUR"]
[SourceTitle "playchess.com"]
[Source "ChessBase"]
[SourceQuality "1"]
[TimeControl "600+5"]

1. d4 Nf6 2. Nf3 g6 3. e3 Bg7 4. Be2 O-O 5. O-O d6 6. c4 c5 7. d5 e6 8. Nc3 exd5 9. cxd5 Re8 10. Nd2 b6 11. e4 Ba6 12. a4 Bxe2 13. Qxe2 Qe7 14. Re1 Nbd7 15. h3 Nh5 16. Nf1 Rac8 17. a5 Qh4 18. Qg4 Qxg4 19. hxg4 Bxc3 20. bxc3 Nhf6 21. axb6 Nxb6 22. f3 Nfxd5 23. Bd2 Ne7 24. Rxa7 Nc6 25. Ra6 Nc4 26. Bf4 N6e5 27. Rd1 Ra8 28. Rda1 Rxa6 29. Rxa6 Rb8 30. Ne3 Rb6 31. Ra8+ Kg7 32. Nd5 Rb1+ 33. Kh2 Rb2 34. Kh3 h6 35. g5 h5 36. Nf6 1-0

[Event "Redbull chessmasters 2019"]
[Site "Istambul"]
[Date "2019.11.24"]
[Round "5.7"]
[White "Ozsakallioglu, Okan"]
[Black "Gunduz, Umut Erdem"]
[Result "1-0"]
[ECO "B15"]
[WhiteElo "2072"]
[BlackElo "2172"]
[Annotator "NA"]
[PlyCount "59"]
[EventDate "2019.11.23"]
[EventType "k.o."]
[EventCountry "TUR"]
[SourceTitle "playchess.com"]
[Source "ChessBase"]
[SourceQuality "1"]
[TimeControl "600+5"]

1. e4 c6 2. d4 g6 3. Nc3 Bg7 4. Nf3 d5 5. h3 Nh6 6. Bd3 f6 7. O-O O-O 8. Ne2 Nf7 9. exd5 cxd5 10. c4 dxc4 11. Bxc4 Kh8 12. Nf4 Nd6 13. Ne6 Bxe6 14. Bxe6 Nc6 15. d5 Ne5 16. Nxe5 fxe5 17. Bd2 Qb6 18. Qb3 Qa6 19. Rfe1 Nf5 20. Bxf5 Rxf5 21. Rac1 Raf8 22. Be3 e4 23. Rc7 Qa5 24. Rec1 b6 25. Rd1 R5f7 26. d6 Qe5 27. Qxf7 Rxf7 28. Rc8+ Rf8 29. Rxf8+ Bxf8 30. d7 1-0

[Event "Redbull chessmasters 2019"]
[Site "Istambul"]
[Date "2019.11.24"]
[Round "5.8"]
[White "Kalayci, Nino"]
[Black "Duru, Ipek"]
[Result "0-1"]
[ECO "A01"]
[WhiteElo "1852"]
[BlackElo "1566"]
[Annotator "NA"]
[PlyCount "40"]
[EventDate "2019.11.23"]
[EventType "k.o."]
[EventCountry "TUR"]
[SourceTitle "playchess.com"]
[Source "ChessBase"]
[SourceQuality "1"]
[TimeControl "600+5"]

1. b3 e5 2. e3 Nc6 3. Bb2 d6 4. d4 Bf5 5. Bb5 exd4 6. exd4 d5 7. Nf3 Bd6 8. O-O Nge7 9. Ne5 O-O 10. Nd2 Nb4 11. c3 a6 12. Be2 Bxe5 13. cxb4 Bd6 14. a3 Ng6 15. Bg4 Qh4 16. Bh3 Bxh3 17. gxh3 Qxh3 18. f4 Bxf4 19. Nf3 Nh4 20. Rf2 Be3 0-1

[Event "Redbull chessmasters 2019"]
[Site "Istambul"]
[Date "2019.11.24"]
[Round "5.9"]
[White "Ererdem, Gani Eren"]
[Black "Kilic, Ihsan"]
[Result "1-0"]
[ECO "E07"]
[WhiteElo "2105"]
[BlackElo "1941"]
[Annotator "NA"]
[PlyCount "51"]
[EventDate "2019.11.23"]
[EventType "k.o."]
[EventCountry "TUR"]
[SourceTitle "playchess.com"]
[Source "ChessBase"]
[SourceQuality "1"]
[TimeControl "600+5"]

1. d4 d5 2. c4 e6 3. Nf3 Nf6 4. g3 Be7 5. Bg2 O-O 6. O-O Nbd7 7. Nc3 a6 8. cxd5 exd5 9. Qb3 c6 10. a4 Bd6 11. Nd2 Re8 12. e4 dxe4 13. Ndxe4 Bc7 14. Ng5 Re7 15. Bd2 Nb6 16. Rad1 h6 17. Nge4 Nxe4 18. Bxe4 Be6 19. Qc2 Nd5 20. Rfe1 Qd7 21. Qc1 Nf6 22. Bxh6 Nxe4 23. Nxe4 f5 24. Nc5 Qc8 25. Qg5 Kf8 26. Nxe6+ 1-0

[Event "Redbull chessmasters 2019"]
[Site "Istambul"]
[Date "2019.11.24"]
[Round "5.10"]
[White "Cil, Batuhan"]
[Black "Olcum, Ahmet"]
[Result "0-1"]
[ECO "C41"]
[WhiteElo "1737"]
[BlackElo "2303"]
[Annotator "NA"]
[PlyCount "57"]
[EventDate "2019.11.23"]
[EventType "k.o."]
[EventCountry "TUR"]
[SourceTitle "playchess.com"]
[Source "ChessBase"]
[SourceQuality "1"]
[TimeControl "600+5"]

1. e4 d6 2. d4 Nf6 3. Nc3 e5 4. Nf3 Nbd7 5. Bc4 Be7 6. O-O c6 7. a4 h6 8. h3 Qc7 9. Be3 Nf8 10. d5 g5 11. Nh2 Ng6 12. b4 Nf4 13. b5 c5 14. a5 Qd8 15. Re1 Rg8 16. Kh1 h5 17. Ra3 Kf8 18. Be2 g4 19. Bxf4 exf4 20. hxg4 Nxg4 21. Bxg4 hxg4 22. e5 dxe5 23. Ne4 Bd6 24. c4 Rh8 25. Kg1 Qh4 26. Nxd6 Qxh2+ 27. Kf1 f3 28. gxf3 g3 29. fxg3 0-1

[Event "Redbull chessmasters 2019"]
[Site "Istambul"]
[Date "2019.11.24"]
[Round "5.11"]
[White "Isik, Esref"]
[Black "Tofan, Ismail"]
[Result "1/2-1/2"]
[ECO "B07"]
[WhiteElo "1920"]
[BlackElo "1685"]
[Annotator "NA"]
[PlyCount "132"]
[EventDate "2019.11.23"]
[EventType "k.o."]
[EventCountry "TUR"]
[SourceTitle "playchess.com"]
[Source "ChessBase"]
[SourceQuality "1"]
[TimeControl "600+5"]

1. e4 d6 2. d4 Nf6 3. Nc3 Nbd7 4. Be3 e5 5. d5 c6 6. dxc6 bxc6 7. h3 Qa5 8. Qd2 d5 9. exd5 cxd5 10. Nb5 Qxd2+ 11. Bxd2 Rb8 12. O-O-O Ne4 13. Nc7+ Kd8 14. Ba5 Rb6 15. Nxd5 Bc5 16. Bxb6+ axb6 17. Bb5 Nxf2 18. Nf3 Nxh1 19. Rxh1 Bb7 20. Rd1 Kc8 21. Bxd7+ Kxd7 22. Nxb6+ Kc6 23. Nd7 Be3+ 24. Kb1 e4 25. Nfe5+ Kc7 26. Nxf7 Ra8 27. Nde5 Bf2 28. Rd7+ Kb6 29. Nc4+ Ka6 30. Re7 Bd5 31. Nd2 e3 32. Nf3 Bxf3 33. gxf3 Rf8 34. Kc1 Rxf7 35. Rxf7 e2 36. Re7 e1=Q+ 37. Rxe1 Bxe1 38. Kd1 Ba5 39. Ke2 Kb5 40. Kd3 g5 41. Ke4 Bd2 42. Kd3 Bf4 43. a3 h5 44. b3 Bc1 45. c4+ Kb6 46. a4 Ba3 47. Ke4 Kc5 48. f4 gxf4 49. Kxf4 Bc1+ 50. Kg3 Bg5 51. a5 Bd8 52. a6 Kb6 53. b4 Kxa6 54. Kf4 Be7 55. b5+ Kb6 56. Ke5 Kc5 57. Ke6 Bd8 58. Kd7 Bg5 59. Ke6 Kxc4 60. b6 Kb5 61. Kf5 Bd8 62. b7 Bc7 63. Kg5 Kb6 64. Kxh5 Bb8 65. Kg6 Kc6 66. h4 Kd7 1/2-1/2

[Event "Redbull chessmasters 2019"]
[Site "Istambul"]
[Date "2019.11.24"]
[Round "5.12"]
[White "Ozdemir, Cemre"]
[Black "Gur, Tuba"]
[Result "0-1"]
[ECO "B43"]
[WhiteElo "1326"]
[BlackElo "1782"]
[Annotator "NA"]
[PlyCount "76"]
[EventDate "2019.11.23"]
[EventType "k.o."]
[EventCountry "TUR"]
[SourceTitle "playchess.com"]
[Source "ChessBase"]
[SourceQuality "1"]
[TimeControl "600+5"]

1. e4 c5 2. Nf3 e6 3. d4 cxd4 4. Nxd4 a6 5. Be2 Qc7 6. O-O Nf6 7. Nc3 b5 8. a3 Bb7 9. f3 Bc5 10. Be3 Qb6 11. Qd2 e5 12. Nf5 O-O 13. Kh1 Nc6 14. Bg5 Nd4 15. Nxd4 Bxd4 16. Bxf6 Qxf6 17. Nd5 Bxd5 18. exd5 Bxb2 19. Ra2 Bd4 20. c3 Bc5 21. Rd1 d6 22. a4 bxa4 23. Rxa4 a5 24. Rb1 Rfb8 25. Qc2 Qg6 26. Bd3 Qh6 27. Rxa5 Qe3 28. Rxa8 Rxa8 29. Bxh7+ Kh8 30. Be4 g6 31. Qd3 Qg5 32. Qb5 Ra2 33. Qf1 Rf2 34. Qg1 Qh4 35. Rc1 Be3 36. Rb1 Bf4 37. Qf1 Re2 38. Qg1 Be3 0-1

[Event "Redbull chessmasters 2019"]
[Site "Istambul"]
[Date "2019.11.24"]
[Round "5.13"]
[White "Tasdogen, Dincer"]
[Black "Ozenir, Ekin Baris"]
[Result "1/2-1/2"]
[ECO "C00"]
[WhiteElo "2301"]
[BlackElo "2274"]
[Annotator "NA"]
[PlyCount "160"]
[EventDate "2019.11.23"]
[EventType "k.o."]
[EventCountry "TUR"]
[SourceTitle "playchess.com"]
[Source "ChessBase"]
[SourceQuality "1"]
[TimeControl "600+5"]

1. e4 e6 2. c4 d5 3. cxd5 exd5 4. exd5 Nf6 5. Bc4 Be7 6. Nc3 O-O 7. Nge2 Nbd7 8. d3 Nb6 9. Qb3 Bg4 10. Ng3 a5 11. a4 Bb4 12. O-O Bxc3 13. bxc3 Nfxd5 14. Bxd5 Qxd5 15. c4 Qc6 16. Be3 Nd7 17. Rfe1 b6 18. Qc3 Rad8 19. Bd4 f6 20. Re7 Qd6 21. Re4 Be6 22. Rae1 Bf7 23. Nf5 Qb4 24. Qa1 Rfe8 25. Ne7+ Rxe7 26. Rxe7 Ne5 27. Rxc7 Rxd4 28. Rc8+ Be8 29. Rxe8+ Kf7 30. Rc8 Rxd3 31. Rc7+ Kg6 32. h4 Qd6 33. h5+ Kh6 34. Qc1+ g5 35. hxg6+ Kxg6 36. Rc8 Kg7 37. c5 bxc5 38. Qxc5 Qe6 39. Qf8+ Kg6 40. Qg8+ Qxg8 41. Rxg8+ Kf7 42. Ra8 Rd5 43. Rb1 Nc4 44. Rb7+ Kg6 45. Raa7 h5 46. g3 Rd1+ 47. Kg2 Ra1 48. Rg7+ Kf5 49. Rh7 Rxa4 50. Rxh5+ Kg6 51. Rah7 Ne5 52. R5h6+ Kf5 53. Rh4 Ra2 54. Rf4+ Kg6 55. Rhh4 Nd3 56. Rhg4+ Kf7 57. Rf5 Ke6 58. Rb5 Nxf2 59. Rc4 Ne4+ 60. Kh3 f5 61. Rc6+ Kd7 62. Ra6 Ra3 63. Raxa5 Rxg3+ 64. Kh2 Rf3 65. Ra6 Kc7 66. Rg6 Rf2+ 67. Kg1 Rf3 68. Kg2 Rf2+ 69. Kh3 Rf3+ 70. Kg2 Rf2+ 71. Kg1 Rf3 72. Ra5 Rg3+ 73. Rxg3 Nxg3 74. Kg2 Ne4 75. Rxf5 Nd6 76. Rh5 Kd7 77. Kf3 Ke6 78. Kf4 Nf7 79. Ra5 Nd6 80. Ra6 Kd5 1/2-1/2

[Event "Redbull chessmasters 2019"]
[Site "Istambul"]
[Date "2019.11.24"]
[Round "5.14"]
[White "Alak, Agdar"]
[Black "Burcu, Cagatay"]
[Result "0-1"]
[ECO "D52"]
[WhiteElo "1482"]
[BlackElo "2331"]
[Annotator "NA"]
[PlyCount "70"]
[EventDate "2019.11.23"]
[EventType "k.o."]
[EventCountry "TUR"]
[SourceTitle "playchess.com"]
[Source "ChessBase"]
[SourceQuality "1"]
[TimeControl "600+5"]

1. Nf3 d5 2. d4 Nf6 3. c4 c6 4. Nc3 e6 5. Bg5 Nbd7 6. e3 Qa5 7. Bxf6 Nxf6 8. Qa4 Qxa4 9. Nxa4 dxc4 10. Nc3 b5 11. a4 Bb4 12. Nd2 Bxc3 13. bxc3 Ke7 14. g3 a5 15. Bg2 Ra6 16. Ke2 Bd7 17. Ne4 Nxe4 18. Bxe4 b4 19. cxb4 axb4 20. Rhc1 c3 21. Bc2 Ra5 22. Bb3 Rha8 23. Ra2 e5 24. Rb1 Bf5 25. Rc1 Be6 26. Bxe6 Kxe6 27. Rb1 Rxa4 28. Rxa4 Rxa4 29. dxe5 Kd5 30. Kd3 Kc5 31. f3 Ra2 32. Rc1 Rd2+ 33. Ke4 c2 34. f4 b3 35. e6 fxe6 0-1

[Event "Redbull chessmasters 2019"]
[Site "Istambul"]
[Date "2019.11.24"]
[Round "5.15"]
[White "Yazici, Ugur Doga"]
[Black "Sabahi, Cem"]
[Result "1/2-1/2"]
[ECO "B06"]
[WhiteElo "2195"]
[BlackElo "1604"]
[Annotator "NA"]
[PlyCount "116"]
[EventDate "2019.11.23"]
[EventType "k.o."]
[EventCountry "TUR"]
[SourceTitle "playchess.com"]
[Source "ChessBase"]
[SourceQuality "1"]
[TimeControl "600+5"]

1. e4 g6 2. d4 Bg7 3. Nf3 d6 4. Nbd2 Nd7 5. Bd3 e5 6. dxe5 dxe5 7. Nc4 Ne7 8. b3 Nc6 9. Ba3 b5 10. Ne3 b4 11. Bb2 Nd4 12. a3 c5 13. axb4 cxb4 14. Nxd4 exd4 15. Nd5 O-O 16. Nxb4 Nc5 17. O-O Bb7 18. Re1 Re8 19. f3 a5 20. Na2 a4 21. Nc1 Qb6 22. Ba3 Nxd3 23. Nxd3 axb3 24. cxb3 Rec8 25. Bb2 Rxa1 26. Bxa1 Ba6 27. Kh1 Rb8 28. Nc1 Qb4 29. e5 d3 30. Re4 Qa5 31. Ra4 Qb5 32. Qd2 Rd8 33. h3 Rc8 34. Bc3 Qc6 35. Na2 Bb5 36. Re4 Kf8 37. h4 Kg8 38. h5 f6 39. exf6 Bxf6 40. Bxf6 Qxf6 41. Nb4 Qd6 42. hxg6 hxg6 43. Rg4 Kg7 44. Qb2+ Qf6 45. Qxf6+ Kxf6 46. Rd4 Rc3 47. Nd5+ Ke5 48. Nxc3 Kxd4 49. Nxb5+ Kc5 50. Nc3 Kb4 51. Ne4 Kxb3 52. Kh2 Kc2 53. f4 Kd1 54. g4 Ke2 55. f5 Ke3 56. Ng3 d2 57. Nf1+ Kf4 58. Nxd2 Ke5 1/2-1/2

[Event "Redbull chessmasters 2019"]
[Site "Istambul"]
[Date "2019.11.24"]
[Round "5.16"]
[White "Sahin, Handenur"]
[Black "Aydin, Leyla"]
[Result "1-0"]
[ECO "C77"]
[WhiteElo "2014"]
[BlackElo "1333"]
[Annotator "NA"]
[PlyCount "57"]
[EventDate "2019.11.23"]
[EventType "k.o."]
[EventCountry "TUR"]
[SourceTitle "playchess.com"]
[Source "ChessBase"]
[SourceQuality "1"]
[TimeControl "600+5"]

1. e4 e5 2. Nf3 Nc6 3. Bb5 a6 4. Ba4 Nf6 5. d3 Be7 6. O-O b5 7. Bb3 O-O 8. a3 d6 9. Nc3 Re8 10. h3 Nb8 11. Re1 Nbd7 12. Bxf7+ Kxf7 13. Ng5+ Kg8 14. Ne6 Bb7 15. Nxd8 Raxd8 16. Be3 c5 17. Ne2 Nf8 18. Ng3 Bc8 19. c3 Ng6 20. d4 Bf8 21. Qc2 Bb7 22. dxc5 dxc5 23. Rad1 Nf4 24. f3 N6h5 25. Nxh5 Nxh5 26. Rxd8 Rxd8 27. Rd1 Rxd1+ 28. Qxd1 Nf6 29. Qd8 1-0

[Event "Redbull chessmasters 2019"]
[Site "Istambul"]
[Date "2019.11.24"]
[Round "6.1"]
[White "Aliakbarov, Anar"]
[Black "Kilic, Efe Mert"]
[Result "1/2-1/2"]
[ECO "A41"]
[WhiteElo "2219"]
[BlackElo "2247"]
[Annotator "NA"]
[PlyCount "145"]
[EventDate "2019.11.23"]
[EventType "k.o."]
[EventCountry "TUR"]
[SourceTitle "playchess.com"]
[Source "ChessBase"]
[SourceQuality "1"]
[TimeControl "600+5"]

1. d4 d6 2. c4 e5 3. d5 f5 4. e4 Nf6 5. Nc3 g6 6. exf5 gxf5 7. Nf3 Bg7 8. Bg5 h6 9. Bh4 Nbd7 10. Qc2 Nc5 11. b4 Na6 12. a3 Qe7 13. Be2 Qf7 14. O-O O-O 15. Rad1 Re8 16. Rfe1 Nh5 17. Bf1 Bd7 18. Nb5 Qf8 19. c5 Nf4 20. c6 Bc8 21. Nxc7 Nxc7 22. cxb7 Bxb7 23. Qxc7 Rab8 24. Qa5 Qf7 25. Qxa7 Ra8 26. Qb6 Bf8 27. Qe3 Nxd5 28. Qb3 Nf4 29. Bc4 d5 30. Bb5 e4 31. Bxe8 Rxe8 32. Bg3 Nd3 33. Rxd3 exd3 34. Rxe8 Qxe8 35. Qxd3 Qe4 36. Qxe4 fxe4 37. Nd2 Kf7 38. Be5 Ke6 39. Bd4 h5 40. Nb3 Ba6 41. f3 Kf5 42. Kf2 Bb5 43. Bc5 Bg7 44. Bd4 Bc4 45. Bxg7 Bxb3 46. Ke3 Ba4 47. fxe4+ dxe4 48. h3 Bb5 49. g4+ hxg4 50. hxg4+ Kg6 51. Bd4 Bc6 52. Kf4 Kf7 53. Kf5 Bd7+ 54. Kxe4 Bxg4 55. a4 Ke6 56. Bc5 Bd1 57. a5 Be2 58. Bf8 Kd7 59. Kd5 Kc7 60. Kc5 Kb7 61. Bd6 Bf1 62. Kd4 Be2 63. Ke3 Bf1 64. Kf2 Bd3 65. Bc5 Bc4 66. Kg3 Bd3 67. Kf4 Bc4 68. Ke5 Bd3 69. Kd6 Bf1 70. b5 Bxb5 71. a6+ Ka8 72. a7 Bc6 73. Kxc6 1/2-1/2

[Event "Redbull chessmasters 2019"]
[Site "Istambul"]
[Date "2019.11.24"]
[Round "6.2"]
[White "Tarlabasi, Emirhan"]
[Black "Eren, Ataberk"]
[Result "1-0"]
[ECO "A73"]
[WhiteElo "2316"]
[BlackElo "2284"]
[Annotator "NA"]
[PlyCount "91"]
[EventDate "2019.11.23"]
[EventType "k.o."]
[EventCountry "TUR"]
[SourceTitle "playchess.com"]
[Source "ChessBase"]
[SourceQuality "1"]
[TimeControl "600+5"]

1. d4 Nf6 2. c4 e6 3. Nf3 c5 4. d5 exd5 5. cxd5 d6 6. Nc3 g6 7. Nd2 Bg7 8. e4 O-O 9. Be2 Na6 10. O-O Nc7 11. a4 b6 12. f4 Ba6 13. Bb5 Bxb5 14. axb5 a6 15. bxa6 b5 16. Qf3 Re8 17. e5 dxe5 18. fxe5 Rxe5 19. d6 Ne6 20. Nxb5 Nd4 21. Nxd4 cxd4 22. Nc4 Rc5 23. b3 Rf5 24. Qd3 Rxf1+ 25. Kxf1 Ng4 26. Bf4 g5 27. Bg3 h5 28. Qf3 Ne3+ 29. Nxe3 dxe3 30. Ra4 h4 31. Be1 Ra7 32. Qxe3 Qd7 33. Kg1 Ra8 34. a7 Qxd6 35. h3 Qd7 36. Bf2 Qd1+ 37. Kh2 Qd6+ 38. g3 hxg3+ 39. Bxg3 Qc6 40. Rc4 Qa6 41. Bb8 Qa2+ 42. Kg3 Qa6 43. Qe8+ Kh7 44. Qe4+ f5 45. Qxf5+ Kh6 46. Qe4 1-0

[Event "Redbull chessmasters 2019"]
[Site "Istambul"]
[Date "2019.11.24"]
[Round "6.3"]
[White "Kesgin, Halit Kaan"]
[Black "Gunduz, Umut Erdem"]
[Result "1/2-1/2"]
[ECO "C90"]
[WhiteElo "2061"]
[BlackElo "2172"]
[Annotator "NA"]
[PlyCount "117"]
[EventDate "2019.11.23"]
[EventType "k.o."]
[EventCountry "TUR"]
[SourceTitle "playchess.com"]
[Source "ChessBase"]
[SourceQuality "1"]
[TimeControl "600+5"]

1. e4 e5 2. Nf3 Nc6 3. Bb5 a6 4. Ba4 Nf6 5. d3 b5 6. Bb3 Be7 7. O-O d6 8. c3 O-O 9. Re1 Na5 10. Bc2 c5 11. Nbd2 Re8 12. h3 Bf8 13. Nf1 g6 14. Ng3 Bg7 15. Be3 h6 16. Qd2 Kh7 17. Rad1 Bb7 18. b4 cxb4 19. cxb4 Nc6 20. d4 exd4 21. Nxd4 Ne5 22. Bf4 Rc8 23. Bxe5 dxe5 24. Nf3 Qb6 25. Bb3 Red8 26. Qe2 Qc7 27. Kh2 Qe7 28. a3 Nd7 29. Qe3 Nb8 30. Qb6 Nc6 31. Bd5 Rd6 32. Nf1 Rc7 33. Rc1 Rcd7 34. Bxc6 Rc7 35. Ne3 Rdxc6 36. Rxc6 Rxc6 37. Qa5 Rd6 38. Nf1 f5 39. Ng3 Qf7 40. a4 fxe4 41. Nxe4 Qf4+ 42. Ng3 Bxf3 43. gxf3 Qxf3 44. Re2 e4 45. Qc7 Rf6 46. axb5 axb5 47. Qc5 h5 48. Qc2 e3 49. fxe3 Rc6 50. Qe4 Qxe4 51. Nxe4 Rc4 52. Ng5+ Kh6 53. Nf7+ Kh7 54. Rd2 Rxb4 55. Ng5+ Kh6 56. Nf7+ Kh7 57. Ng5+ Kh6 58. Nf7+ Kh7 59. Ng5+ 1/2-1/2

[Event "Redbull chessmasters 2019"]
[Site "Istambul"]
[Date "2019.11.24"]
[Round "6.4"]
[White "Kalayci, Nino"]
[Black "Yildiz Kadioglu, Betul Cemre"]
[Result "0-1"]
[ECO "D03"]
[WhiteElo "1852"]
[BlackElo "2338"]
[Annotator "NA"]
[PlyCount "76"]
[EventDate "2019.11.23"]
[EventType "k.o."]
[EventCountry "TUR"]
[SourceTitle "playchess.com"]
[Source "ChessBase"]
[SourceQuality "1"]
[TimeControl "600+5"]

1. d4 d5 2. Nf3 Nf6 3. Bg5 Ne4 4. Bf4 c5 5. e3 Nc6 6. c3 Qb6 7. Qb3 c4 8. Qxb6 axb6 9. Nbd2 Bf5 10. Nh4 g6 11. Nxe4 Bxe4 12. f3 Bc2 13. Kd2 Bb3 14. e4 dxe4 15. fxe4 f6 16. Nf3 g5 17. Bc7 g4 18. Nh4 Bh6+ 19. Ke2 Bc2 20. Nf5 Bg5 21. Ng3 b5 22. h4 gxh3 23. Rxh3 Kd7 24. Bb6 b4 25. Kf3 bxc3 26. bxc3 Ra3 27. Kg4 Rxc3 28. Ne2 Rxh3 29. gxh3 Bxe4 30. Nc3 h5+ 31. Kg3 h4+ 32. Kg4 Bd3 33. Bxd3 cxd3 34. Rd1 d2 35. Ne4 Rg8 36. Kh5 Be3 37. Nxd2 Rg5+ 38. Kxh4 Bf2# 0-1

[Event "Redbull chessmasters 2019"]
[Site "Istambul"]
[Date "2019.11.24"]
[Round "6.5"]
[White "Alaz, Ahmet Efekan"]
[Black "Inan, Canberk"]
[Result "1-0"]
[ECO "D05"]
[WhiteElo "2288"]
[BlackElo "1941"]
[Annotator "NA"]
[PlyCount "117"]
[EventDate "2019.11.23"]
[EventType "k.o."]
[EventCountry "TUR"]
[SourceTitle "playchess.com"]
[Source "ChessBase"]
[SourceQuality "1"]
[TimeControl "600+5"]

1. d4 Nf6 2. Nf3 e6 3. e3 d5 4. Bd3 Bd6 5. Nbd2 O-O 6. O-O c5 7. b3 Nc6 8. Bb2 Qc7 9. a3 e5 10. dxc5 Bxc5 11. e4 Be6 12. exd5 Bxd5 13. Ng5 Rad8 14. Re1 h6 15. Nge4 Nxe4 16. Nxe4 Be7 17. Nc3 Be6 18. Qe2 Nd4 19. Qxe5 Bd6 20. Qh5 Bf4 21. Nb5 Nxb5 22. Qxb5 Bxh2+ 23. Kf1 a6 24. Qb4 Bd6 25. Qe4 Rfe8 26. Qh7+ Kf8 27. Qxg7+ Ke7 28. Bf6+ Kd7 29. Bxd8 Qxd8 30. Qd4 Qc7 31. Rad1 Kc8 32. Bxa6 Bc5 33. Bxb7+ Kxb7 34. Qe4+ Kb8 35. b4 Ba7 36. Kg1 h5 37. c4 h4 38. Qxh4 Rg8 39. c5 Qc6 40. Rd8+ Rxd8 41. Qxd8+ Kb7 42. Qe7+ Ka6 43. Rd1 Bb8 44. Qd8 Bc7 45. Qd3+ Ka7 46. Qf3 Qa4 47. Rb1 Qc2 48. Qd1 Qc4 49. a4 Bf5 50. Rb2 Qc3 51. Rb3 Qc4 52. Rb2 Qc3 53. Rb3 Qc4 54. b5 Qxc5 55. Qd2 Qc4 56. Rc3 Qxa4 57. Rxc7+ Kb6 58. Qd6+ Kxb5 59. Qc5+ 1-0

[Event "Redbull chessmasters 2019"]
[Site "Istambul"]
[Date "2019.11.24"]
[Round "6.6"]
[White "Ozdemir, Serhan Berat"]
[Black "Cingoz, Ozan"]
[Result "0-1"]
[ECO "B78"]
[WhiteElo "2096"]
[BlackElo "2031"]
[Annotator "NA"]
[PlyCount "66"]
[EventDate "2019.11.23"]
[EventType "k.o."]
[EventCountry "TUR"]
[SourceTitle "playchess.com"]
[Source "ChessBase"]
[SourceQuality "1"]
[TimeControl "600+5"]

1. e4 c5 2. Nf3 d6 3. d4 cxd4 4. Nxd4 Nf6 5. Nc3 g6 6. Be3 Bg7 7. f3 O-O 8. Qd2 Nc6 9. Bc4 Bd7 10. O-O-O Rc8 11. Bb3 Nxd4 12. Bxd4 b5 13. Nd5 Nxd5 14. Bxg7 Kxg7 15. exd5 a5 16. a3 b4 17. axb4 axb4 18. Qxb4 Rc5 19. Kd2 Qc7 20. Ke2 Rb8 21. Qd4+ Kg8 22. g4 Bb5+ 23. Kf2 Bc4 24. Rhe1 Bxb3 25. cxb3 Rxb3 26. Kg3 Rc4 27. Qd2 Rc2 28. Qg5 f6 29. Qf4 Rbxb2 30. Qe4 Rg2+ 31. Kf4 Kf8 32. h4 Rgc2 33. Rd4 e5+ 0-1

[Event "Redbull chessmasters 2019"]
[Site "Istambul"]
[Date "2019.11.24"]
[Round "6.7"]
[White "Can, Melih Kaan"]
[Black "Ozsakallioglu, Okan"]
[Result "1-0"]
[ECO "B40"]
[WhiteElo "2138"]
[BlackElo "2072"]
[Annotator "NA"]
[PlyCount "111"]
[EventDate "2019.11.23"]
[EventType "k.o."]
[EventCountry "TUR"]
[SourceTitle "playchess.com"]
[Source "ChessBase"]
[SourceQuality "1"]
[TimeControl "600+5"]

1. e4 c5 2. Nf3 e6 3. c3 Nf6 4. Bd3 Nc6 5. Bc2 d5 6. e5 Nd7 7. d4 cxd4 8. cxd4 b6 9. a3 Ba6 10. Nc3 Be7 11. Ne2 g5 12. Be3 g4 13. Nd2 Bg5 14. O-O Rc8 15. Re1 Bxe3 16. fxe3 Qg5 17. Nc3 h5 18. Nf1 Bxf1 19. Kxf1 f6 20. exf6 Nxf6 21. Kg1 g3 22. h3 Ng4 23. hxg4 hxg4 24. Qd3 Rh6 25. Kf1 Qf6+ 26. Ke2 Qf2+ 27. Kd1 Qxg2 28. Kc1 Ke7 29. Kb1 Na5 30. Ka2 Rh2 31. Re2 Qf3 32. Rxh2 gxh2 33. Qh7+ Kd8 34. Qxh2 Nc4 35. Bb3 g3 36. Qh4+ Kd7 37. Bxc4 Rxc4 38. Rh1 g2 39. Qh7+ Kc6 40. Rc1 Qxe3 41. Rb1 g1=Q 42. Rxg1 Qxg1 43. Qe7 Qxd4 44. Qxe6+ Kb7 45. Nxd5 Rc2 46. Qd7+ Ka6 47. Nc7+ Rxc7 48. Qxd4 Kb7 49. a4 a5 50. Qd5+ Ka7 51. Kb3 Ka6 52. Qa8+ Ra7 53. Qc8+ Rb7 54. Kc4 Ka7 55. Kb5 Re7 56. Qa6+ 1-0

[Event "Redbull chessmasters 2019"]
[Site "Istambul"]
[Date "2019.11.24"]
[Round "6.8"]
[White "Duru, Ipek"]
[Black "Yanik, Sural Emine"]
[Result "1-0"]
[ECO "B01"]
[WhiteElo "1566"]
[BlackElo "1834"]
[Annotator "NA"]
[PlyCount "74"]
[EventDate "2019.11.23"]
[EventType "k.o."]
[EventCountry "TUR"]
[SourceTitle "playchess.com"]
[Source "ChessBase"]
[SourceQuality "1"]
[TimeControl "600+5"]

1. e4 d5 2. exd5 Qxd5 3. d4 Nc6 4. Be3 e5 5. Ne2 Bg4 6. f3 Bf5 7. Nbc3 Bb4 8. a3 Bxc3+ 9. Nxc3 Qd7 10. d5 Nce7 11. Bb5 c6 12. dxc6 bxc6 13. Qxd7+ Bxd7 14. Ba4 Nf6 15. O-O-O h6 16. Ne4 Nxe4 17. fxe4 Nc8 18. Bc5 Nb6 19. Bb3 Rb8 20. Bxb6 axb6 21. Bxf7+ Kxf7 22. Rxd7+ Kg8 23. Re7 Rf8 24. Rxe5 Rf2 25. Re6 Rxg2 26. Rxc6 Kh7 27. Rxb6 Re8 28. Rb4 Rd8 29. h3 Rdd2 30. Rc4 Rge2 31. b4 Rd8 32. a4 Rf8 33. b5 Rf3 34. Kb2 Ree3 35. b6 Rf7 36. a5 Rb7 37. Rc7 Rb8 1-0

[Event "Redbull chessmasters 2019"]
[Site "Istambul"]
[Date "2019.11.24"]
[Round "6.9"]
[White "Ererdem, Gani Eren"]
[Black "Tasdogen, Dincer"]
[Result "0-1"]
[ECO "E11"]
[WhiteElo "2105"]
[BlackElo "2301"]
[Annotator "NA"]
[PlyCount "98"]
[EventDate "2019.11.23"]
[EventType "k.o."]
[EventCountry "TUR"]
[SourceTitle "playchess.com"]
[Source "ChessBase"]
[SourceQuality "1"]
[TimeControl "600+5"]

1. d4 Nf6 2. Nf3 e6 3. c4 Bb4+ 4. Nbd2 O-O 5. a3 Be7 6. e4 d6 7. Be2 Re8 8. O-O Bf8 9. Qc2 e5 10. d5 a5 11. b3 g6 12. Nb1 Nh5 13. Nc3 Nf4 14. Bxf4 exf4 15. b4 Bg7 16. Rab1 g5 17. h3 Nd7 18. Nb5 h5 19. Nd2 Nf6 20. c5 dxc5 21. Qxc5 c6 22. Nc3 Nd7 23. Qc4 Ne5 24. Qb3 g4 25. hxg4 hxg4 26. Rfd1 Qh4 27. Na4 axb4 28. axb4 cxd5 29. Nb6 Rb8 30. Nxc8 Rbxc8 31. g3 fxg3 32. Qxg3 Qxg3+ 33. fxg3 d4 34. Nb3 Red8 35. Nc5 Bh6 36. Nd3 Be3+ 37. Kf1 Nf3 38. Kg2 Rc2 39. Rb2 Rdc8 40. Rdb1 Nd2 41. Rxc2 Rxc2 42. Rb2 Rc3 43. Nc5 Rc1 44. Bxg4 b6 45. Nd3 Rg1+ 46. Kh3 Nxe4 47. Rg2 Rh1+ 48. Rh2 Ng5+ 49. Kg2 Rg1# 0-1